 Dungeon Crawl Stone Soup version 0.19.1 (webtiles) character file.

151 DiesleWeasel the Poker (level 5, -1/47 HPs)
             Began as a Minotaur Berserker on Dec 9, 2016.
             Was a Believer of Trog.
             Slain by Grinder (4 damage)
             ... on level 3 of the Dungeon.
             The game lasted 00:06:02 (2221 turns).

DiesleWeasel the Poker (Minotaur Berserker)         Turns: 2221, Time: 00:06:03

Health: -1/47      AC:  5    Str: 22    XL:     5   Next: 10%
Magic:  4/4        EV: 12    Int:  4    God:    Trog [**....]
Gold:   162        SH:  0    Dex: 10    Spells: 0 memorised, 4 levels left

rFire  . . .     SeeInvis .     a - +0 spear
rCold  . . .     Gourm    .     m - +0 ring mail
rNeg   . . .     Faith    .     (no shield)
rPois  .         Spirit   .     (helmet restricted)
rElec  .         Reflect  .     (no cloak)
rCorr  .         Harm     .     (no gloves)
MR     .....                    (no boots)
Stlth  ..........               (no amulet)
                                (no ring)
                                (no ring)

@: no status effects
A: retaliatory headbutt, horns 2
a: Berserk, Trog's Hand, Burn Spellbooks, Renounce Religion


You were on level 3 of the Dungeon.
You worshipped Trog.
Trog was pleased with you.
You were not hungry.

You visited 1 branch of the dungeon, and saw 3 of its levels.

You collected 162 gold pieces.

Inventory:

Hand Weapons
 a - a +0 spear (weapon)
Missiles
 d - 25 bolts
Armour
 b - a +0 animal skin
 g - a +0 chain mail
 m - a +0 ring mail (worn)
Jewellery
 q - an uncursed ring of see invisible {unknown}
Scrolls
 e - 3 scrolls of identify {unknown}
 h - a scroll of enchant weapon {unknown}
 j - a scroll of blinking {unknown}
 k - a scroll of amnesia {unknown}
 l - a scroll of random uselessness {unknown}
 n - a scroll of fear {unknown}
 o - a scroll of teleportation {unknown}
 p - a scroll of remove curse {unknown}
Potions
 f - a potion of curing
Comestibles
 c - 4 bread rations
 i - a slice of pizza


   Skills:
 + Level 4.6 Fighting
 + Level 5.4 Polearms
 + Level 3.3 Armour
 + Level 3.1 Dodging


You had 4 spell levels left.
You didn't know any spells.

Dungeon Overview and Level Annotations

Branches:
Dungeon (3/15)

Altars:

Annotations:
D:3 Grinder


Innate Abilities, Weirdness & Mutations

You reflexively headbutt those who attack you in melee.
You have a pair of horns on your head.


Message History

Things that are here:
a whip of holy wrath; a gnoll corpse You closely miss Grinder.
Grinder blinks!
Things that are here:
a whip of holy wrath; a gnoll corpse You see here a halberd.
You see here a gnoll corpse.
Found a stone staircase leading down.
Grinder gestures at you. Pain shoots through your body!
* * * LOW HITPOINT WARNING * * *
You see here a scroll labeled TOUH LIELU.
Grinder gestures at you. You resist with significant effort.
Grinder blinks!
You see here a scroll labeled TOUH LIELU.
Grinder hits you.
* * * LOW HITPOINT WARNING * * *
You writhe in agony.
You die...

..#.$....# #......#
#.#......####......##
........(............
..#.......###)###.###
.......<.((.#))##.#
..........#.......+
.#........##)†....#
..........##....5.#
..........##....@?#
..##......#####...#
.. #......# ##..# ..
#......######....
..#######......#..#.#
..#.....##...#.#..###
..+.....''...+ ....
..#.....##..†# #.>..
..##...##....#


You could see Grinder.

Vanquished Creatures
  An orc wizard (D:3)
  4 gnolls (D:3)
  2 adders (D:2)
  An ooze (D:1)
  A worm (D:2)
  A dart slug (D:1)
  3 leopard geckos (D:3)
  3 orcs (D:3)
  4 giant cockroaches
  9 goblins
  2 hobgoblins (D:2)
  12 kobolds
  A quokka (D:1)
  2 ball pythons
  6 bats
  2 rats
54 creatures vanquished.

Notes
Turn   | Place    | Note
-------+----------+-------------------------------------------
     0 | D:1      | DiesleWeasel the Minotaur Berserker began the quest for the Orb.
     0 | D:1      | Reached XP level 1. HP: 19/19 MP: 0/0
   208 | D:1      | Reached skill level 4 in Polearms
   244 | D:1      | Reached XP level 2. HP: 23/27 MP: 1/1
  1057 | D:2      | Reached XP level 3. HP: 33/33 MP: 2/2
  1523 | D:2      | Reached ** piety under Trog
  1978 | D:3      | Reached skill level 5 in Polearms
  1978 | D:3      | Reached XP level 4. HP: 40/40 MP: 3/3
  2183 | D:3      | Noticed Grinder
  2188 | D:3      | Reached XP level 5. HP: 15/47 MP: 4/4
  2196 | D:3      | Paralysed by Grinder for 7 turns
  2221 | D:3      | Slain by Grinder

Skill      XL: |  1  2  3  4 |
---------------+-------------+-----
Polearms       | 4 5 |  5.4
Fighting       | 4 |  4.6
Armour         | 3 |  3.3
Dodging        | 3 |  3.1

Action                   |  1- 3 |  4- 6 || total
-------------------------+-------+-------++-------
Melee: Spear             |    81 |    32 ||   113
       Headbutt          |    10 |    10 ||    20
  Use: Potion            |       |     1 ||     1
  Eat: Meat ration       |     1 |       ||     1
Armor: Animal skin       |    15 |       ||    15
       Chain mail        |    25 |       ||    25
       Ring mail         |    16 |    13 ||    29
Dodge: Dodged            |    62 |    33 ||    95
